 Dungeon Crawl Stone Soup version 0.22.1-6-g1668fe2c40 (webtiles) character file.

6295 Gunterle the Slicer (level 10, 0/69 HPs)
             Began as an Octopode Wanderer on Jan 18, 2019.
             Was a Follower of Ashenzari.
             Slain by a yak (11 damage)
             ... on level 10 of the Dungeon.
             The game lasted 00:56:27 (10084 turns).

Gunterle the Slicer (Octopode Wanderer)            Turns: 10084, Time: 00:56:27

Health: 0/69       AC:  1    Str: 13    XL:     10   Next: 94%
Magic:  15/15      EV: 15    Int: 14    God:    Ashenzari [*.....]
Gold:   318        SH:  0    Dex: 14    Spells: 12/15 levels left

rFire    . . .     SeeInvis .   R - +2 short sword (venom)
rCold    + . .     Gourm    .   (no shield)
rNeg     . . .     Faith    .   (helmet restricted)
rPois    +         Spirit   .   e - amulet of regeneration (curse)
rElec    .         Reflect  .   y - ring of protection from cold (curse)
rCorr    .         Harm     .   D - ring of poison resistance (curse)
MR       .....                  (no ring)
Stlth    +++.......             (no ring)
HPRegen  0.61/turn              (no ring)
MPRegen  0.14/turn              (no ring)
                                (no ring)
                                (no ring)

@: about to teleport
A: almost no armour, stealthy swim, amphibious, 8 rings, constrict 8, camouflage
1, gelatinous body 1
a: Curse Item, Scrying, Renounce Religion


You were on level 10 of the Dungeon.
You worshipped Ashenzari.
Ashenzari was aware of your devotion.
You were not hungry.

You visited 3 branches of the dungeon, and saw 12 of its levels.
You also visited: Sewer.

You collected 374 gold pieces.
You spent 56 gold pieces at shops.

Inventory:

Hand Weapons
 B - a +0 blowgun
 E - a +0 trident of venom
 R - a +2 short sword of venom (weapon)
 V - a +3 long sword
 W - a +1 scimitar of freezing
Missiles
 t - 34 poisoned needles
 C - 2 curare-tipped needles
 N - 2 tomahawks (quivered)
Jewellery
 e - a cursed amulet of regeneration (around mantle)
 y - a cursed ring of protection from cold (left tentacle)
 D - a cursed ring of poison resistance (right tentacle)
Wands
 x - a wand of random effects (33)
 G - a wand of acid (1)
 P - a wand of disintegration (35)
 Q - a wand of polymorph (15)
 X - a wand of paralysis (17)
 Y - a wand of flame (17)
Scrolls
 g - a scroll of teleportation
 j - a scroll of enchant armour {unknown}
 l - a scroll of remove curse
 s - a scroll of immolation {unknown}
 w - 3 scrolls of enchant weapon
 A - a scroll of magic mapping
 F - a scroll of blinking
 S - a scroll of fog
Potions
 b - a potion of might
 c - 6 potions of lignification
 f - 2 potions of magic
 n - 2 potions of resistance
 q - 3 potions of curing
 u - 2 potions of agility
 H - 3 potions of flight
 I - 2 potions of mutation
 J - a potion of berserk rage {unknown}
 L - 2 potions of haste
 O - a potion of brilliance {unknown}
Comestibles
 d - 20 rations


   Skills:
 * Level 6.5 Fighting
 - Level 11.7(11.9) Short Blades
 * Level 2.5(8.0) Long Blades
   Level 1.0 Crossbows
 - Level 1.0 Throwing
 + Level 3.9 Dodging
 - Level 1.3 Stealth
   Level 1.0 Shields
 + Level 3.4 Spellcasting
 * Level 5.6 Hexes
 + Level 4.1 Evocations


You had 12 spell levels left.
You knew the following spells:

 Your Spells              Type           Power        Failure   Level  Hunger
a - Confuse               Hex            ###.....     6%          3    ###....

Your spell library contained the following spells:

 Spells                   Type           Power        Failure   Level  Hunger
 Confusing Touch          Hex            ###...       1%          1    #......
 Sandblast                Erth           #.....       21%         1    #......
 Passwall                 Tmut/Erth      #.......     30%         2    ##.....
 Gell's Gravitas          Tloc           #.........   52%         3    ###....
 Stone Arrow              Conj/Erth      #.....       52%         3    ###....
 Metabolic Englaciation   Hex/Ice        ##........   87%         5    ######.
 Yara's Violent Unravell  Hex/Tmut       ##........   87%         5    ######.
 Petrify                  Tmut/Erth      #.......     90%         4    #####..
 Lee's Rapid Deconstruct  Erth           #.........   99%         5    ######.


Dungeon Overview and Level Annotations

Branches:
Dungeon (10/15)            Temple (1/1) D:7            Lair (1/6) D:10
    Orc: D:9-12

Altars:
Ashenzari
Cheibriados
Dithmenos
Elyvilon
Fedhas
Gozag
Hepliaklqana
Kikubaaqudgha
Makhleb
Nemelex Xobeh
Okawaru
Qazlal
Ru
Sif Muna
Trog
Uskayaw
Vehumet
Wu Jian
Xom
Yredelemnul
Zin
The Shining One
Beogh

Shops:
D:4 (   D:7 *

Annotations:
D:5 1 runed door
D:8 3 runed doors, Fascinator's ghost, journeyman FoFi


Innate Abilities, Weirdness & Mutations

You cannot wear most types of armour.
You are very stealthy in the water. (Stealth+)
You are amphibious.
You can wear up to eight rings at the same time.
You can use your tentacles to constrict eight enemies at once.
Your skin changes colour to match your surroundings (Stealth+).
Your rubbery body absorbs attacks. (AC +1, EV +1)


Message History

* * * LOW HITPOINT WARNING * * *
The yak gores you.
* * * LOW HITPOINT WARNING * * *
You kill the yak!
Your life force feels restored.
You start resting.
HP restored.
Okay, then.
There is a staircase to the Lair, spattered with blood here.
You climb downwards.
Welcome back to the Lair of Beasts!
The yak gores you! The yak gores you!!
There is a staircase back to the Dungeon, spattered with blood here.
The yak gores you! The yak barely misses you.
You climb upwards.
Welcome back to the Dungeon!
There is a staircase to the Lair, spattered with blood here.
As you read the scroll of teleportation, it crumbles to dust.
You feel strangely unstable. The yak gores you!
* * * LOW HITPOINT WARNING * * *
The yak gores you!
You die...

#..# #..# #..# ######
#######..# ..... .........#
...# #######..# #..# #..# #.>#
### #..# #####..# ##@# #..#
.......########YY##########..#
................)............#
.............................#
############################.#
# #.#
############################.#
.............................#
....)..............>.........#


You could see 2 yaks.

Vanquished Creatures
  A two-headed ogre (D:10)
  Pikel (D:4)
  A hornet (D:8)
  2 yaks (D:10)
  Duvessa (D:7)
  A water moccasin (D:8)
  2 orc warriors
  An ice beast (D:7)
  A black bear (D:9)
  4 slaves (D:4)
  7 ogres
  6 centaurs
  2 big kobolds
  3 bullfrogs
  Dowan (D:7)
  A water moccasin zombie (D:8)
  2 scorpions
  4 killer bees (D:9)
  9 wights (D:9)
  A howler monkey (D:9)
  A bullfrog zombie (D:7)
  A centaur zombie (D:7)
  4 crimson imps
  A quasit (D:10)
  6 hounds
  17 orc wizards
  10 orc priests
  A jelly (D:8)
  A bullfrog skeleton (D:4)
  A centaur skeleton (D:4)
  Jessica (D:2)
  8 iguanas
  7 worker ants
  A hound skeleton (D:8)
  A hound zombie (D:5)
  A worker ant zombie (D:8)
  10 adders
  2 howler monkey skeletons
  An adder zombie (D:5)
  2 adder skeletons
  7 worms
  7 leopard geckos
  46 orcs
  A ball python (D:4)
  7 bats
  4 giant cockroaches
  4 hobgoblins
  13 jackals
  16 kobolds
  2 quokkas
  8 frilled lizards
  4 goblins
  A jackal zombie (D:7)
  2 leopard gecko skeletons
  A leopard gecko zombie (D:6)
  A quokka skeleton (D:4)
  A quokka zombie (D:9)
  17 rats
270 creatures vanquished.

Notes
Turn   | Place    | Note
-------+----------+-------------------------------------------
     0 | D:1      | Gunterle the Octopode Wanderer began the quest for the Orb.
     0 | D:1      | Gunterle set off with: a +2 short sword, a +0 mace, a
                  | potion of lignification, a ration
     0 | D:1      | Reached XP level 1. HP: 16/16 MP: 1/1
   180 | D:1      | Reached XP level 2. HP: 21/21 MP: 2/2
   437 | D:1      | Reached skill level 3 in Short Blades
   885 | D:2      | Reached XP level 3. HP: 25/26 MP: 3/3
   969 | D:2      | Reached skill level 4 in Short Blades
  1058 | D:2      | Reached XP level 4. HP: 19/31 MP: 4/4
  1244 | D:2      | Noticed Jessica
  1265 | D:2      | Killed Jessica
  1460 | D:3      | Found a white marble altar of Elyvilon.
  1856 | D:3      | Reached skill level 5 in Short Blades
  1856 | D:3      | Reached XP level 5. HP: 26/36 MP: 5/5
  2325 | D:3      | Reached skill level 6 in Short Blades
  2326 | D:3      | Reached XP level 6. HP: 36/42 MP: 6/6
  2729 | D:4      | Found a glowing silver altar of Zin.
  2848 | D:4      | Noticed a slave
  2856 | D:4      | Noticed a slave
  2885 | D:4      | Found Hoenout's Weapon Boutique.
  2936 | D:4      | Found a blossoming altar of Fedhas.
  2962 | D:4      | Reached skill level 7 in Short Blades
  3029 | D:4      | Noticed a slave
  3029 | D:4      | Noticed a slave
  3121 | D:4      | Killed a slave
  3127 | D:4      | Killed a slave
  3386 | D:4      | Found a hazy altar of Hepliaklqana.
  3386 | D:4      | Found a hide-covered altar of Uskayaw.
  3449 | D:4      | Found a blossoming altar of Fedhas.
  3479 | D:4      | Noticed Pikel
  3506 | D:4      | Killed a slave
  3539 | D:4      | Killed a slave
  3572 | D:4      | Killed Pikel
  3572 | D:4      | Reached skill level 9 in Short Blades
  3572 | D:4      | Reached XP level 7. HP: 26/46 MP: 7/7
  3572 | D:4      | Reached XP level 8. HP: 29/52 MP: 8/8
  3702 | D:5      | Entered Level 5 of the Dungeon
  3959 | D:5      | Found a glowing drain.
  3963 | Sewer    | Entered a sewer
  4098 | Sewer    | Found a white marble altar of Elyvilon.
  4247 | D:5      | Found a runed door.
  4339 | D:5      | Reached skill level 10 in Short Blades
  4773 | D:5      | Reached skill level 11 in Short Blades
  4870 | D:6      | Reached XP level 9. HP: 51/56 MP: 9/9
  4979 | D:6      | Learned a level 3 spell: Confuse
  5553 | D:6      | Reached skill level 1 in Hexes
  5827 | D:7      | Reached skill level 1 in Evocations
  5959 | D:7      | Found Relav's Assorted Antiques.
  5971 | D:7      | Reached skill level 1 in Spellcasting
  5982 | D:7      | Bought a fizzy coppery potion for 28 gold pieces
  5982 | D:7      | Bought a metallic dark potion for 28 gold pieces
  6248 | D:7      | Noticed Duvessa
  6253 | D:7      | Noticed Dowan
  6266 | D:7      | Killed Duvessa
  6274 | D:7      | Killed Dowan
  6632 | D:7      | Found a staircase to the Ecumenical Temple.
  6638 | Temple   | Entered the Ecumenical Temple
  6809 | Temple   | Became a worshipper of Ashenzari the Shackled
  7158 | D:8      | Found a sacrificial altar of Ru.
  7415 | D:8      | Reached skill level 5 in Fighting
  7489 | D:8      | Reached XP level 10. HP: 59/66 MP: 13/13
  7694 | D:8      | Found a runed gate.
  7694 | D:8      | Found a runed gate.
  7695 | D:8      | Found a runed gate.
  7728 | D:8      | Found a roughly hewn altar of Beogh.
  7728 | D:8      | Noticed Fascinator's ghost (journeyman FoFi)
  8935 | D:9      | Reached * piety under Ashenzari
  9023 | D:9      | Reached skill level 1 in Long Blades
  9023 | D:9      | Reached skill level 5 in Hexes
  9275 | D:9      | Got the bardiche of the Wasp {protect, rPois rN+}
  9276 | D:9      | Found a burning altar of Makhleb.
  9358 | D:10     | Entered Level 10 of the Dungeon
  9665 | D:10     | Found a sacrificial altar of Ru.
  9760 | D:10     | Noticed a two-headed ogre
  9771 | D:10     | Killed a two-headed ogre
  9908 | D:10     | Found a staircase to the Lair.
  9931 | Lair:1   | Entered Level 1 of the Lair of Beasts
 10084 | D:10     | Slain by a yak

Skill      XL: |  1  2  3  4  5  6  7  8  9 10 |
---------------+-------------------------------+-----
Short Blades   | 3 4 5 6 9 11 | 11.7
Hexes          | 3 5 |  5.6
Evocations     | 2 4 |  4.1
Spellcasting   | 2 3 |  3.4
Fighting       | 5 6 |  6.5
Dodging        | 2 3 |  3.9
Long Blades    | 2 |  2.5
Crossbows      | |  1.0
Throwing       | |  1.0
Stealth        | |  1.3
Shields        | |  1.0

Action                   |  1- 3 |  4- 6 |  7- 9 | 10-12 || total
-------------------------+-------+-------+-------+-------++-------
Melee: Short sword       |    62 |   156 |   352 |   248 ||   818
       Constrict         |    13 |    37 |    68 |    47 ||   165
       Tentacles         |    13 |    32 |    83 |    63 ||   191
Throw: Stone             |       |     7 |     2 |     1 ||    10
       Tomahawk          |       |     3 |     6 |     3 ||    12
Invok: Curse Item        |       |       |     3 |       ||     3
Evoke: Wand              |       |       |     4 |     1 ||     5
  Use: Scroll            |     1 |     5 |    10 |     6 ||    22
 Stab: Sleeping          |     3 |     9 |     7 |     7 ||    26
       Distracted        |       |       |     1 |       ||     1
  Eat: Chunk             |       |     7 |    10 |     6 ||    23
       Ration            |       |       |     1 |     1 ||     2
Armor: Skin              |    12 |     4 |     9 |     6 ||    31
Dodge: Dodged            |    30 |    52 |   140 |   103 ||   325
